 Dungeon Crawl Stone Soup version 0.31.0-12-g77e489cdc1 (webtiles) character file.

Game seed: 17024725973328830243

521 Gadfly the Covered (level 7, -5/57 HPs)
             Began as an Armataur Fighter on Feb 29, 2024.
             Slain by an ogre
             ... wielding a +0 giant club
              (17 damage)
             ... on level 5 of the Dungeon.
             The game lasted 00:03:44 (3130 turns).

Gadfly the Covered (Armataur Fighter)               Turns: 3130, Time: 00:03:44

Health: -5/57      AC: 10    Str: 21    XL:     7   Next: 1%
Magic:  7/7        EV:  4    Int:  8    God:
Gold:   1449       SH:  5    Dex: 12    Spells: 6/6 levels left

rFire   . . .        b - +1 morningstar
rCold   . . .        c - +0 buckler
rNeg    + . .        m - +0 plate armour
rPois   .            (no helmet)
rElec   .            (no cloak)
rCorr   .            (no gloves)
SInv    +            (no barding)
Will    .....        (no amulet) Stlth
                     i - ring of see invisible
HPRegen 0.29/turn    h - ring of positive energy
MPRegen 0.10/turn

%: roll
@: no status effects
A: large, deformed body, tough skin 3, armoured tail, roll 2
a: no special abilities


You were on level 5 of the Dungeon.
You visited 1 branch of the dungeon, and saw 5 of its levels.

You collected 1449 gold pieces.

Inventory:

Hand Weapons
 a - a +0 flail
 b - a +1 morningstar (weapon)
Armour
 c - a +0 buckler (worn)
 m - a +0 plate armour (worn)
Jewellery
 h - a ring of positive energy (right hand)
 i - a ring of see invisible (left hand)
Scrolls
 n - a scroll of revelation
 q - a scroll of teleportation
Potions
 d - 2 potions of might
 e - a potion of haste {unknown}
 f - a potion of brilliance {unknown}
 g - a potion of curing {unknown}
 j - a potion of attraction
 k - 2 potions of heal wounds
 l - a potion of lignification {unknown}
 o - a potion of magic {unknown}
 p - a potion of degeneration {unknown}


   Skills:
 + Level 3.4 Fighting
 * Level 3.7 Maces & Flails
 + Level 4.5 Armour
 + Level 4.2 Shields
 * Level 3.1 Evocations
 * Level 2.6 Shapeshifting


You had 6 spell levels left.
You didn't know any spells.
Your spell library contained the following spells:

 Spells                   Type           Power      Damage    Failure   Level
 Magic Dart               Conj           0%         1d3       100%        1
 Static Discharge         Conj/Air       0%         3-3/arc   100%        2
 Airstrike                Air            0%         2d(0-16)  100%        4
 Summon Lightning Spire   Summ/Air       0%         N/A       100%        4
 Alistair's Intoxication  Alch           0%         N/A       100%        5
 Borgnjor's Vile Clutch   Necr/Erth      0%         N/A       100%        5
 Eringya's Noxious Bog    Alch           0%         4d6       100%        6


Dungeon Overview and Level Annotations

Branches:
Dungeon (5/15)
 Temple: D:4-7

Altars:
Kikubaaqudgha
Sif Muna
Vehumet


Innate Abilities, Weirdness & Mutations

Armour fits poorly on your strangely shaped body.
You have extremely tough skin. (AC +3)
You have a long armoured tail.
You regenerate magic and health when rolling toward enemies. (Rampage Regen)


Message History

You are too injured to fight recklessly!
You are too injured to fight recklessly!
You are too injured to fight recklessly!
You are too injured to fight recklessly!
You are too injured to fight recklessly!
You are too injured to fight recklessly!
You are too injured to fight recklessly!
You are too injured to fight recklessly!
You are too injured to fight recklessly!
You barely miss the hound.
The hound is heavily wounded.
The hound bites you but does no damage. The hound bites you.
You barely miss the hound.
The hound is heavily wounded.
The hound bites you but does no damage. The hound barely misses you.
You closely miss the hound.
The hound is heavily wounded.
The hound bites you. The hound bites you but does no damage.
You puncture the hound!
You kill the hound!
You have reached level 7!
You begin to regenerate health when rolling toward enemies.
You miss the quokka.
The quokka bites you but does no damage. x2
You barely miss the quokka. The quokka bites you.
The quokka bites you but does no damage.
You hit the quokka.
The quokka is heavily wounded.
The quokka bites you but does no damage.
You block the quokka's attack.
You hit the quokka.
You kill the quokka!
You sock the ogre!
The ogre is severely wounded.
The ogre hits you with a +0 giant club!
* * * LOW HITPOINT WARNING * * *
You barely miss the ogre.
The ogre is severely wounded.
The ogre hits you with a +0 giant club!
You die...

..... #..(..O... ..
......#.....o... .#
......#......... ##.#
......#......... ##..
....$......h.... #...
........######## #..####
......#..o# #...... [....
###O# #######.####
##########@## #.........#
#...........###.######..#
#............##.#####.>.#
#.............#....##.#.#
#...........#......##.#.#
#...........##.....##.#.###
#...........##.....##.#.#..
#...........##.....'..#.#.#
#..................####.#.#


You could see an ogre and an orc.

Vanquished Creatures
  A black bear (D:5)
  3 scorpions
  A bombardier beetle (D:5)
  An orc priest (D:4)
  A hound (D:5)
  An orc wizard (D:4)
  5 adders
  A gnoll (D:1)
  2 ufetubi (D:5)
  3 ribbon worms
  3 dart slugs
  9 orcs
  2 ball pythons
  6 endoplasms
  3 giant cockroaches
  4 goblins
  5 hobgoblins
  2 jackals (D:4)
  A kobold (D:1)
  5 quokkas
  4 bats
  4 frilled lizards (D:1)
  5 rats
72 creatures vanquished.

Notes
Turn   | Place    | Note
-------+----------+-------------------------------------------
     0 | D:1      | Gadfly the Armataur Fighter began the quest for the Orb.
     0 | D:1      | Reached XP level 1. HP: 18/18 MP: 1/1
   128 | D:1      | Reached XP level 2. HP: 25/25 MP: 2/2
   268 | D:1      | Reached skill level 1 in Evocations
   502 | D:1      | Reached XP level 3. HP: 25/30 MP: 3/3
   504 | D:1      | Reached skill level 1 in Shapeshifting
   597 | D:1      | You fall into a shaft and drop 1 floor!
  1042 | D:2      | Found a faded altar of an unknown god.
  1268 | D:3      | Reached XP level 4. HP: 37/37 MP: 4/4
  1372 | D:3      | Found a shimmering blue altar of Sif Muna.
  1373 | D:3      | Found an ancient bone altar of Kikubaaqudgha.
  1374 | D:3      | Found a radiant altar of Vehumet.
  1379 | D:3      | Got Vehumet's Enchiridion on Power
  2013 | D:3      | Identified a scroll of acquirement
  2013 | D:3      | Acquired 1246 gold pieces
  2191 | D:4      | Reached XP level 5. HP: 39/45 MP: 5/5
  2833 | D:5      | Entered Level 5 of the Dungeon
  2911 | D:5      | Reached XP level 6. HP: 48/51 MP: 6/6
  3125 | D:5      | Gained mutation: You regenerate magic and health when
                  | rolling toward enemies. (Rampage Regen) [Armataur growth]
  3125 | D:5      | Reached XP level 7. HP: 22/57 MP: 7/7
  3130 | D:5      | Slain by an ogre

Illustrated notes

Levels and vault maps discovered:
D:1:      giann_bridges, layout_basic, chequers_big_river
D:2:      layout_loops_ring, dreamdust_ecumenical_altar_angels_and_demons,
          kennysheep_doodads
D:3:      layout_basic, grunt_temple_overflow_magic_moments, grunt_ministairs_14
D:4:      layout_basic
D:5:      layout_basic, nrook_campfire

Skill      XL: |  1  2  3  4  5  6 |
---------------+-------------------+-----
Maces & Flails | 2 3 |  3.7
Evocations     | 1 2 3 |  3.1
Shapeshifting  | 1 2 |  2.6
Fighting       | 3 |  3.4
Armour         | 4 |  4.5
Shields        | 4 |  4.2

Action                     |  1- 3 |  4- 6 |  7- 9 || total
---------------------------+-------+-------+-------++-------
  Melee: Flail             |   109 |    36 |       ||   145
         Tailslap          |    13 |    12 |       ||    25
         Morningstar       |       |    87 |     6 ||    93
    Use: Scroll            |     1 |     5 |       ||     6
         Potion            |       |     1 |       ||     1
 Armour: Scale mail        |   102 |       |       ||   102
         Chain mail        |     1 |       |       ||     1
         Plate armour      |       |   187 |     7 ||   194
  Dodge: Dodged            |    44 |    33 |       ||    77
  Block: Buckler           |    20 |    31 |     1 ||    52
